[Event "RUS-ch Girls U21 2021"]
[Site "Loo"]
[Date "2021.04.26"]
[Round "6.1"]
[White "Garmash, Aliona"]
[Black "Afonasieva, Anna"]
[Result "0-1"]
[ECO "D17"]
[WhiteElo "2120"]
[BlackElo "2270"]
[Annotator "NA"]
[PlyCount "116"]
[EventDate "2021.04.21"]
[EventType "swiss"]
[EventCountry "RUS"]
[SourceTitle "playchess.com"]
[Source "ChessBase"]
[SourceQuality "1"]
[TimeControl "40/5400+30:1800+30"]

1. d4 d5 2. Nf3 Nf6 3. c4 c6 4. Nc3 dxc4 5. a4 Bf5 6. Ne5 Nbd7 7. Nxc4 Nb6 8. Ne5 a5 9. f3 Nfd7 10. Nxd7 Bxd7 11. e4 g6 12. Be3 Bg7 13. Qb3 Rc8 14. d5 c5 15. Be2 O-O 16. O-O Qc7 17. f4 Bd4 18. Bxd4 cxd4 19. Nb5 Qc2 20. Nxd4 Qc5 21. Rfd1 Rfd8 22. Kf1 Bxa4 23. Rxa4 Nxa4 24. Qxa4 Qd6 25. g3 Qb6 26. Qb5 Qa7 27. f5 Rc5 28. Qb3 Rd6 29. Qe3 Qb6 30. Qg5 Rd7 31. fxg6 Qxg6 32. Qe5 Qd6 33. Qg5+ Qg6 34. Qxg6+ hxg6 35. Nb3 Rc2 36. Nxa5 Rxb2 37. e5 f6 38. e6 Rc7 39. Bd3 f5 40. h4 Rb4 41. Re1 Rd4 42. Be2 Rxd5 43. Nc4 Kg7 44. Bf3 Rdc5 45. Ne5 b5 46. h5 gxh5 47. Bxh5 Rc3 48. g4 f4 49. Bg6 b4 50. Bf5 b3 51. Nd3 R7c4 52. Rb1 Rd4 53. Ke2 Rc2+ 54. Kd1 f3 55. Ke1 Ra4 56. Nc1 Rh2 57. Rxb3 f2+ 58. Kf1 Rf4 0-1

[Event "RUS-ch Girls U21 2021"]
[Site "Loo"]
[Date "2021.04.26"]
[Round "6.2"]
[White "Sakorenko, Adriana"]
[Black "Nasyrova, Ekaterina"]
[Result "1-0"]
[ECO "C67"]
[WhiteElo "2216"]
[BlackElo "2273"]
[Annotator "NA"]
[PlyCount "73"]
[EventDate "2021.04.21"]
[EventType "swiss"]
[EventCountry "RUS"]
[SourceTitle "playchess.com"]
[Source "ChessBase"]
[SourceQuality "1"]
[TimeControl "40/5400+30:1800+30"]

1. e4 e5 2. Nf3 Nc6 3. Bb5 Nf6 4. O-O Nxe4 5. Re1 Nd6 6. Nxe5 Be7 7. Bf1 Nf5 8. Nf3 O-O 9. d4 d5 10. Nc3 Be6 11. Ne2 g5 12. Ng3 Ng7 13. Bb5 Rb8 14. c3 h6 15. Ba4 Bd6 16. Ne5 Ne7 17. f4 Ng6 18. Nh5 Bf5 19. fxg5 hxg5 20. Rf1 Nxe5 21. dxe5 Bxe5 22. Nxg7 Kxg7 23. Rxf5 f6 24. Qg4 Qd6 25. g3 Qc5+ 26. Kg2 Qc4 27. Qxc4 dxc4 28. Bxg5 b5 29. Bc2 b4 30. Rb1 b3 31. axb3 cxb3 32. Be4 Rfe8 33. Bd2 Bxg3 34. hxg3 Rxe4 35. Ra1 Rb7 36. Kf3 Re7 37. Be3 1-0

[Event "RUS-ch Girls U21 2021"]
[Site "Loo"]
[Date "2021.04.26"]
[Round "6.3"]
[White "Grigorieva, Yulia"]
[Black "Nosacheva, Mariya"]
[Result "1/2-1/2"]
[ECO "E91"]
[WhiteElo "2236"]
[BlackElo "2199"]
[Annotator "NA"]
[PlyCount "74"]
[EventDate "2021.04.21"]
[EventType "swiss"]
[EventCountry "RUS"]
[SourceTitle "playchess.com"]
[Source "ChessBase"]
[SourceQuality "1"]
[TimeControl "40/5400+30:1800+30"]

1. d4 Nf6 2. c4 g6 3. Nc3 Bg7 4. e4 d6 5. Nf3 O-O 6. Be2 c6 7. O-O e5 8. dxe5 dxe5 9. Nxe5 Nxe4 10. Nxe4 Bxe5 11. Bg5 Qxd1 12. Rfxd1 Bxb2 13. Rab1 Bg7 14. Nd6 f6 15. Be3 b6 16. c5 Be6 17. Bc4 Bxc4 18. Nxc4 f5 19. a4 f4 20. cxb6 axb6 21. Nxb6 Ra5 22. Bd4 Bxd4 23. Rxd4 Na6 24. Re1 Rb8 25. Nd7 Rb4 26. Rd6 Rbxa4 27. Rxc6 Ra1 28. Kf1 f3 29. gxf3 Rxe1+ 30. Kxe1 Nb4 31. Rc4 Nd5 32. Rc5 Ra1+ 33. Kd2 Ra2+ 34. Rc2 Ra3 35. Rc5 Ra2+ 36. Rc2 Ra3 37. Rc5 Ra2+ 1/2-1/2

[Event "RUS-ch Girls U21 2021"]
[Site "Loo"]
[Date "2021.04.26"]
[Round "6.4"]
[White "Goltseva, Ekaterina"]
[Black "Shvedova, Alexandra"]
[Result "1-0"]
[ECO "A46"]
[WhiteElo "2269"]
[BlackElo "2000"]
[Annotator "NA"]
[PlyCount "75"]
[EventDate "2021.04.21"]
[EventType "swiss"]
[EventCountry "RUS"]
[SourceTitle "playchess.com"]
[Source "ChessBase"]
[SourceQuality "1"]
[TimeControl "40/5400+30:1800+30"]

1. d4 Nf6 2. Nf3 d5 3. g3 e6 4. Bg2 c5 5. c4 Nc6 6. cxd5 Nxd5 7. O-O Nf6 8. dxc5 Qxd1 9. Rxd1 Bxc5 10. Nbd2 e5 11. Nc4 e4 12. Ng5 Bf5 13. Be3 Be7 14. Nd6+ Bxd6 15. Rxd6 h6 16. Nh3 Ng4 17. Bc5 Nge5 18. Nf4 O-O 19. Rd5 Rfe8 20. Rad1 Bh7 21. b3 Rac8 22. R5d2 b6 23. Ba3 f6 24. Nd5 Kf7 25. Nc3 e3 26. fxe3 a6 27. Bd5+ Kg6 28. Ne4 Rb8 29. Nd6 Rf8 30. Be4+ f5 31. Nxf5 Rxf5 32. g4 Nxg4 33. Rd6+ Kf7 34. Bxf5 Bxf5 35. Rxc6 Nxe3 36. Rdd6 Re8 37. Rc7+ Kg8 38. Bb2 1-0

[Event "RUS-ch Girls U21 2021"]
[Site "Loo"]
[Date "2021.04.26"]
[Round "6.5"]
[White "Filippova, Darya"]
[Black "Shafigullina, Zarina"]
[Result "1-0"]
[ECO "A30"]
[WhiteElo "1915"]
[BlackElo "2293"]
[Annotator "NA"]
[PlyCount "93"]
[EventDate "2021.04.21"]
[EventType "swiss"]
[EventCountry "RUS"]
[SourceTitle "playchess.com"]
[Source "ChessBase"]
[SourceQuality "1"]
[TimeControl "40/5400+30:1800+30"]

1. c4 Nf6 2. Nf3 e6 3. g3 b6 4. Bg2 Bb7 5. O-O c5 6. Nc3 Be7 7. Re1 O-O 8. e4 d6 9. d4 cxd4 10. Nxd4 Qc8 11. b3 a6 12. Bb2 Nc6 13. Rc1 Nxd4 14. Qxd4 Qc6 15. Na4 Bd8 16. h3 Bc7 17. Kh2 Rac8 18. Bh1 e5 19. Qe3 b5 20. cxb5 Qxb5 21. Red1 Bb8 22. Nc3 Qa5 23. a3 Rc6 24. b4 Qc7 25. a4 Rc8 26. b5 axb5 27. Nxb5 Qa5 28. Rxc6 Rxc6 29. Qb3 Qb6 30. Rd2 Nd7 31. Qb4 Ba6 32. Bg2 Rc5 33. Bf1 Qc6 34. Bd3 Nb6 35. Qa5 Bxb5 36. Bxb5 Bc7 37. Qa6 Qxe4 38. a5 g6 39. axb6 Bb8 40. Ba3 Rc3 41. b7 h5 42. Qa8 Kg7 43. Bb2 Rb3 44. Qxb8 Rxb5 45. Qxd6 Qxb7 46. Bxe5+ Kh7 47. Qf6 1-0

[Event "RUS-ch Girls U21 2021"]
[Site "Loo"]
[Date "2021.04.26"]
[Round "6.6"]
[White "Pankova, Julia"]
[Black "Serditykh, Olesya"]
[Result "1/2-1/2"]
[ECO "C16"]
[WhiteElo "1884"]
[BlackElo "1961"]
[Annotator "NA"]
[PlyCount "25"]
[EventDate "2021.04.21"]
[EventType "swiss"]
[EventCountry "RUS"]
[SourceTitle "playchess.com"]
[Source "ChessBase"]
[SourceQuality "1"]
[TimeControl "40/5400+30:1800+30"]

1. e4 e6 2. d4 d5 3. Nc3 Bb4 4. e5 Ne7 5. Qg4 c5 6. dxc5 Nbc6 7. Bd2 Bxc5 8. Qxg7 Ng6 9. f4 Bf8 10. Qf6 Be7 11. Qg7 Bf8 12. Qf6 Be7 13. Qg7 1/2-1/2

[Event "RUS-ch Girls U21 2021"]
[Site "Loo"]
[Date "2021.04.26"]
[Round "6.7"]
[White "Stroganova, Karina"]
[Black "Zotova, Anastasia"]
[Result "1-0"]
[ECO "A48"]
[WhiteElo "1731"]
[BlackElo "2160"]
[Annotator "NA"]
[PlyCount "73"]
[EventDate "2021.04.21"]
[EventType "swiss"]
[EventCountry "RUS"]
[SourceTitle "playchess.com"]
[Source "ChessBase"]
[SourceQuality "1"]
[TimeControl "40/5400+30:1800+30"]

1. d4 Nf6 2. Nf3 g6 3. e3 Bg7 4. Nbd2 d5 5. b4 O-O 6. Bb2 Nbd7 7. c4 dxc4 8. Nxc4 b6 9. b5 Bb7 10. Be2 c5 11. O-O Rc8 12. Rc1 Qc7 13. dxc5 Nxc5 14. Be5 Qd7 15. Qxd7 Ncxd7 16. Bb2 Rfd8 17. Rfd1 Nc5 18. Nfe5 Rxd1+ 19. Rxd1 Na4 20. Ba1 Nd5 21. Bf3 Bxe5 22. Nxe5 Rc2 23. h3 Rxa2 24. Nc6 e6 25. Bxd5 exd5 26. Bf6 Nc5 27. Rxd5 Ne6 28. Rd7 Bc8 29. Re7 Kf8 30. Ne5 Rc2 31. Rxf7+ Kg8 32. Re7 Rc7 33. Re8+ Nf8 34. Be7 Kg7 35. Bxf8+ Kf6 36. Bd6 Rc1+ 37. Kh2 1-0

[Event "RUS-ch Girls U21 2021"]
[Site "Loo"]
[Date "2021.04.26"]
[Round "6.8"]
[White "Koroleva, Evgeniya"]
[Black "Badmaeva, Baina"]
[Result "0-1"]
[ECO "E73"]
[WhiteElo "1884"]
[BlackElo "1751"]
[Annotator "NA"]
[PlyCount "62"]
[EventDate "2021.04.21"]
[EventType "swiss"]
[EventCountry "RUS"]
[SourceTitle "playchess.com"]
[Source "ChessBase"]
[SourceQuality "1"]
[TimeControl "40/5400+30:1800+30"]

1. d4 Nf6 2. c4 d6 3. Nc3 g6 4. e4 Bg7 5. Be2 O-O 6. Bg5 Nc6 7. d5 Nb8 8. h4 Nbd7 9. Rb1 Nc5 10. f3 Nh5 11. g4 Ng3 12. Rh3 Be5 13. Bh6 f5 14. exf5 gxf5 15. Qd2 fxg4 16. fxg4 Kh8 17. Qe3 Nxe2 18. Qxe2 Rg8 19. Nf3 Bxc3+ 20. bxc3 Rxg4 21. Be3 Qg8 22. Ng5 Qg6 23. Rd1 Rxg5 24. Rh2 Re5 25. Bd4 Qg3+ 26. Kd2 Bg4 27. Rg1 Bxe2 28. Rxg3 Ne4+ 29. Ke3 Nxg3+ 30. Bxe5+ dxe5 31. Kf2 Rg8 0-1

[Event "RUS-ch Girls U21 2021"]
[Site "Loo"]
[Date "2021.04.26"]
[Round "6.9"]
[White "Gelman, Inna"]
[Black "Kochukova, Anna"]
[Result "0-1"]
[ECO "A05"]
[WhiteElo "1801"]
[BlackElo "2108"]
[Annotator "NA"]
[PlyCount "54"]
[EventDate "2021.04.21"]
[EventType "swiss"]
[EventCountry "RUS"]
[SourceTitle "playchess.com"]
[Source "ChessBase"]
[SourceQuality "1"]
[TimeControl "40/5400+30:1800+30"]

1. Nf3 Nf6 2. e3 d5 3. b3 e6 4. Bb2 Be7 5. d4 O-O 6. c4 b6 7. Bd3 Bb7 8. Nc3 Nbd7 9. O-O c5 10. Rc1 Rc8 11. cxd5 exd5 12. Ne5 Ne4 13. Nxd7 Qxd7 14. Bb5 Qe6 15. Nxe4 dxe4 16. dxc5 Rfd8 17. Qe2 Bxc5 18. Rfd1 h6 19. Rxd8+ Rxd8 20. Rd1 Rxd1+ 21. Qxd1 Bd5 22. Bd4 Bd6 23. Qa1 Qg4 24. Qc1 Be6 25. Bc4 Bxc4 26. Qxc4 Qd1+ 27. Qf1 Bxh2+ 0-1

[Event "RUS-ch Girls U21 2021"]
[Site "Loo"]
[Date "2021.04.26"]
[Round "6.10"]
[White "Bogdanova, Darya"]
[Black "Emelyanova, Victoria"]
[Result "0-1"]
[ECO "A40"]
[WhiteElo "1762"]
[BlackElo "1765"]
[Annotator "NA"]
[PlyCount "63"]
[EventDate "2021.04.21"]
[EventType "swiss"]
[EventCountry "RUS"]
[SourceTitle "playchess.com"]
[Source "ChessBase"]
[SourceQuality "1"]
[TimeControl "40/5400+30:1800+30"]

1. d4 e6 2. c4 f5 3. Nf3 Nf6 4. Nc3 g6 5. g3 Bg7 6. Bg2 O-O 7. O-O d6 8. Qb3 Ne4 9. Nxe4 fxe4 10. Ng5 Bxd4 11. Bxe4 Nc6 12. h4 Bf6 13. Kg2 Ne5 14. Rh1 h6 15. Nf3 Kg7 16. Qc2 d5 17. Nxe5 Bxe5 18. Bf3 Qf6 19. Rb1 c6 20. Bd2 Bd6 21. Qc1 Rh8 22. b4 Bd7 23. Rb3 Raf8 24. c5 Bc7 25. Qe1 e5 26. Bc3 d4 27. Ba1 Be6 28. Ra3 a6 29. Rf1 g5 30. h5 Qf7 31. g4 Qf4 32. Kh3 0-1

[Event "RUS-ch Girls U21 2021"]
[Site "Loo"]
[Date "2021.04.27"]
[Round "7.1"]
[White "Nasyrova, Ekaterina"]
[Black "Afonasieva, Anna"]
[Result "0-1"]
[ECO "D10"]
[WhiteElo "2273"]
[BlackElo "2270"]
[Annotator "NA"]
[PlyCount "108"]
[EventDate "2021.04.21"]
[EventType "swiss"]
[EventCountry "RUS"]
[SourceTitle "playchess.com"]
[Source "ChessBase"]
[SourceQuality "1"]
[TimeControl "40/5400+30:1800+30"]

1. d4 d5 2. c4 c6 3. cxd5 cxd5 4. Bf4 Nc6 5. e3 Nf6 6. Nc3 a6 7. Bd3 Bg4 8. Qb3 Na5 9. Qc2 e6 10. Nge2 Bh5 11. O-O Bd6 12. f3 Nc6 13. a3 Bg6 14. Rad1 Bxd3 15. Qxd3 O-O 16. Na4 Na5 17. b4 Nc4 18. Qb3 a5 19. b5 Bxa3 20. e4 Qe7 21. Bg5 Qb4 22. Qxb4 axb4 23. Nc5 b6 24. Bxf6 bxc5 25. Be7 Rfe8 26. Bxc5 Reb8 27. Rd3 Rxb5 28. Rb1 dxe4 29. fxe4 Rd8 30. Be7 Rd7 31. Bh4 e5 32. Be1 exd4 33. Rxd4 Rxd4 34. Nxd4 Rb7 35. Kf2 f6 36. Ke2 Bb2 37. Nb3 Bc3 38. Nc5 Ra7 39. Bxc3 bxc3 40. Kd3 c2 41. Rb8+ Kf7 42. Kxc2 Ne3+ 43. Kd3 Nxg2 44. Kd4 Nh4 45. Kd5 Re7 46. Rb3 g5 47. Rh3 h5 48. Nd3 Ng6 49. Re3 Ne5 50. Nxe5+ Rxe5+ 51. Kd4 Ra5 52. Rb3 Ra2 53. h3 h4 54. e5 Ra4+ 0-1

[Event "RUS-ch Girls U21 2021"]
[Site "Loo"]
[Date "2021.04.27"]
[Round "7.2"]
[White "Nosacheva, Mariya"]
[Black "Sakorenko, Adriana"]
[Result "1/2-1/2"]
[ECO "C11"]
[WhiteElo "2199"]
[BlackElo "2216"]
[Annotator "NA"]
[PlyCount "71"]
[EventDate "2021.04.21"]
[EventType "swiss"]
[EventCountry "RUS"]
[SourceTitle "playchess.com"]
[Source "ChessBase"]
[SourceQuality "1"]
[TimeControl "40/5400+30:1800+30"]

1. e4 e6 2. d4 d5 3. Nc3 Nf6 4. e5 Nfd7 5. f4 c5 6. Nf3 Nc6 7. Be3 cxd4 8. Nxd4 Bc5 9. Qd2 Nxd4 10. Bxd4 Bxd4 11. Qxd4 Qb6 12. Nb5 Qxd4 13. Nxd4 a6 14. h4 h5 15. Rh3 Nb8 16. Rg3 g6 17. Kd2 Nc6 18. Ke3 Bd7 19. a4 Ke7 20. c3 Nxd4 21. Kxd4 a5 22. b3 b6 23. Be2 Bc6 24. Rh3 Rh6 25. Rah1 Rg8 26. g4 hxg4 27. Bxg4 f5 28. Be2 Rgh8 29. R1h2 Rd8 30. Rg2 Rdh8 31. Rgh2 Rd8 32. Bd1 Ra8 33. Rg2 Rah8 34. Rgh2 Ra8 35. Rb2 Rah8 36. Rbh2 1/2-1/2

[Event "RUS-ch Girls U21 2021"]
[Site "Loo"]
[Date "2021.04.27"]
[Round "7.3"]
[White "Filippova, Darya"]
[Black "Goltseva, Ekaterina"]
[Result "0-1"]
[ECO "E41"]
[WhiteElo "1915"]
[BlackElo "2269"]
[Annotator "NA"]
[PlyCount "110"]
[EventDate "2021.04.21"]
[EventType "swiss"]
[EventCountry "RUS"]
[SourceTitle "playchess.com"]
[Source "ChessBase"]
[SourceQuality "1"]
[TimeControl "40/5400+30:1800+30"]

1. c4 Nf6 2. Nc3 e6 3. d4 Bb4 4. e3 c5 5. Bd3 Nc6 6. Nf3 Bxc3+ 7. bxc3 d6 8. O-O e5 9. e4 h6 10. Be3 b6 11. d5 Ne7 12. a4 Bd7 13. Ne1 g5 14. g3 Ng6 15. Ng2 Rg8 16. Ra2 Bh3 17. f3 Nd7 18. Kh1 Qf6 19. a5 Ke7 20. Rg1 Bxg2+ 21. Raxg2 bxa5 22. Ra2 Rgb8 23. Be2 Qh8 24. Rxa5 Qd8 25. Qa1 Qb6 26. Rb5 Qc7 27. Rgb1 a6 28. Rxb8 Rxb8 29. Kg2 Rxb1 30. Qxb1 Qa5 31. Kf2 Qxc3 32. Qa2 Qb4 33. Qxa6 Qb1 34. Bf1 Qc2+ 35. Be2 Nf4 36. Bxf4 exf4 37. gxf4 gxf4 38. Qc8 Qb2 39. Qc7 Qd4+ 40. Kg2 h5 41. Bf1 Qd2+ 42. Kh3 Qe1 43. Bg2 Qc3 44. Kh4 Qf6+ 45. Kh3 Qg6 46. Bf1 Qg7 47. Kh4 Qf6+ 48. Kh3 Qc3 49. Bg2 Qxc4 50. Kh4 Qd4 51. Bh3 Qf6+ 52. Kxh5 Qg6+ 53. Kh4 Qh6+ 54. Kg4 f6 55. Bf1 Qxh2 0-1

[Event "RUS-ch Girls U21 2021"]
[Site "Loo"]
[Date "2021.04.27"]
[Round "7.4"]
[White "Serditykh, Olesya"]
[Black "Grigorieva, Yulia"]
[Result "0-1"]
[ECO "A45"]
[WhiteElo "1961"]
[BlackElo "2236"]
[Annotator "NA"]
[PlyCount "66"]
[EventDate "2021.04.21"]
[EventType "swiss"]
[EventCountry "RUS"]
[SourceTitle "playchess.com"]
[Source "ChessBase"]
[SourceQuality "1"]
[TimeControl "40/5400+30:1800+30"]

1. d4 Nf6 2. Bg5 c5 3. Bxf6 gxf6 4. d5 Qb6 5. Qc1 f5 6. c4 Qh6 7. e3 e5 8. dxe6 dxe6 9. Nc3 Bd7 10. Nge2 Nc6 11. Nf4 O-O-O 12. Qc2 Bd6 13. Nd3 Ne5 14. Nb5 Nxd3+ 15. Bxd3 Bb8 16. Be2 Bc6 17. Bf3 Bxf3 18. gxf3 a6 19. Nc3 Rhg8 20. f4 Rg2 21. h3 Qh4 22. Qe2 Bc7 23. Qf3 Rdg8 24. Ne2 Ba5+ 25. Kf1 R2g6 26. Ng3 Qf6 27. Kg2 Qxb2 28. Rab1 Rxg3+ 29. Qxg3 Rxg3+ 30. Kxg3 Qxa2 31. Ra1 Qd2 32. Rhd1 Qc3 33. Rdc1 Qg7+ 0-1

[Event "RUS-ch Girls U21 2021"]
[Site "Loo"]
[Date "2021.04.27"]
[Round "7.5"]
[White "Shvedova, Alexandra"]
[Black "Garmash, Aliona"]
[Result "0-1"]
[ECO "B90"]
[WhiteElo "2000"]
[BlackElo "2120"]
[Annotator "NA"]
[PlyCount "116"]
[EventDate "2021.04.21"]
[EventType "swiss"]
[EventCountry "RUS"]
[SourceTitle "playchess.com"]
[Source "ChessBase"]
[SourceQuality "1"]
[TimeControl "40/5400+30:1800+30"]

1. e4 c5 2. Nf3 d6 3. d4 cxd4 4. Nxd4 Nf6 5. Nc3 a6 6. Be3 e5 7. Nf3 Qc7 8. Bg5 Nbd7 9. a4 h6 10. Bh4 g5 11. Bg3 Qb6 12. Rb1 Qc6 13. Nd2 Nc5 14. Bc4 Nxa4 15. Qf3 Bg7 16. Nd5 Nxd5 17. Bxd5 Qc7 18. Nc4 O-O 19. Ne3 Nxb2 20. O-O Na4 21. Bb3 Nc3 22. Ra1 Qc6 23. Nd5 Nxd5 24. Bxd5 Qc5 25. Qh5 Rb8 26. h4 g4 27. Kh2 Qc7 28. f3 gxf3 29. Rxf3 Be6 30. Raf1 Bxd5 31. exd5 Qxc2 32. Rxf7 Qe4 33. Re1 Qxd5 34. Rc7 Qe6 35. Re4 Rf7 36. Rec4 b5 37. R4c6 Rxc7 38. Rxc7 b4 39. Qe2 b3 40. Qxa6 Bf8 41. Qa7 Rb5 42. Qa6 Qd5 43. Qc8 b2 44. Qg4+ Kh8 45. Qg6 Qg8 46. Qb1 Bg7 47. Rc2 Qb8 48. Rf2 Rb7 49. Rd2 Rb3 50. Rf2 Qb4 51. Rf7 Qg4 52. Be1 e4 53. Ra7 Be5+ 54. Kh1 Rh3+ 55. gxh3 Qxh3+ 56. Kg1 Bd4+ 57. Bf2 Qg3+ 58. Kh1 Qf3+ 0-1

[Event "RUS-ch Girls U21 2021"]
[Site "Loo"]
[Date "2021.04.27"]
[Round "7.6"]
[White "Badmaeva, Baina"]
[Black "Stroganova, Karina"]
[Result "0-1"]
[ECO "B06"]
[WhiteElo "1751"]
[BlackElo "1731"]
[Annotator "NA"]
[PlyCount "80"]
[EventDate "2021.04.21"]
[EventType "swiss"]
[EventCountry "RUS"]
[SourceTitle "playchess.com"]
[Source "ChessBase"]
[SourceQuality "1"]
[TimeControl "40/5400+30:1800+30"]

1. e4 g6 2. d4 d6 3. Nc3 Bg7 4. Bc4 e6 5. Be3 a6 6. a4 Nd7 7. Nf3 b6 8. O-O Bb7 9. Qd2 Ngf6 10. e5 dxe5 11. Nxe5 Nxe5 12. dxe5 Ng4 13. f4 Qh4 14. h3 Nxe5 15. fxe5 Qxc4 16. Rf4 Qc6 17. Raf1 O-O 18. Ne4 Bxe5 19. Nf6+ Kg7 20. Rh4 Bxf6 21. Bh6+ Kg8 22. Rxf6 Rfd8 23. Qf2 Rd1+ 24. Kh2 Qd6+ 25. Bf4 Qd5 26. Be3 Qe5+ 27. Rhf4 Rf8 28. Bd4 Qd6 29. h4 c5 30. Bc3 Qc7 31. h5 Rd5 32. hxg6 hxg6 33. Kh3 Rg5 34. g3 Qc6 35. Rf3 Rh5+ 36. Kg4 Rf5 37. Rf4 Qh1 38. R4xf5 exf5+ 39. Kf4 Qe4+ 40. Kg5 Qg4+ 0-1

[Event "RUS-ch Girls U21 2021"]
[Site "Loo"]
[Date "2021.04.27"]
[Round "7.7"]
[White "Shafigullina, Zarina"]
[Black "Pankova, Julia"]
[Result "1-0"]
[ECO "E06"]
[WhiteElo "2293"]
[BlackElo "1884"]
[Annotator "NA"]
[PlyCount "87"]
[EventDate "2021.04.21"]
[EventType "swiss"]
[EventCountry "RUS"]
[SourceTitle "playchess.com"]
[Source "ChessBase"]
[SourceQuality "1"]
[TimeControl "40/5400+30:1800+30"]

1. d4 Nf6 2. c4 e6 3. g3 d5 4. Nf3 Be7 5. Bg2 O-O 6. O-O dxc4 7. Qc2 b5 8. a4 b4 9. Qxc4 Ba6 10. Qc2 Nbd7 11. Rd1 Rc8 12. Ne5 c5 13. Nc6 Qe8 14. Nxa7 Rc7 15. Nc6 Bd6 16. Bf4 Bxf4 17. gxf4 Nd5 18. Bxd5 exd5 19. Nxb4 cxb4 20. Qxc7 Qxe2 21. Nd2 Nf6 22. Qe5 Ne4 23. Nxe4 dxe4 24. f5 Qg4+ 25. Qg3 Qxf5 26. Rac1 Qh5 27. h3 f5 28. Kh2 f4 29. Qg4 Qf7 30. d5 Qa7 31. Qe6+ Kh8 32. Qxe4 Qxf2+ 33. Qg2 Qh4 34. Rg1 g6 35. Qf3 Qe7 36. Rge1 Qf6 37. Rc2 Qf5 38. Rd2 Bc8 39. Re7 Bd7 40. Qd3 f3 41. Qxf5 Rxf5 42. Kg3 Bxa4 43. d6 Rf8 44. d7 1-0

[Event "RUS-ch Girls U21 2021"]
[Site "Loo"]
[Date "2021.04.27"]
[Round "7.8"]
[White "Kochukova, Anna"]
[Black "Koroleva, Evgeniya"]
[Result "1/2-1/2"]
[ECO "B40"]
[WhiteElo "2108"]
[BlackElo "1884"]
[Annotator "NA"]
[PlyCount "82"]
[EventDate "2021.04.21"]
[EventType "swiss"]
[EventCountry "RUS"]
[SourceTitle "playchess.com"]
[Source "ChessBase"]
[SourceQuality "1"]
[TimeControl "40/5400+30:1800+30"]

1. e4 c5 2. Nf3 e6 3. d4 cxd4 4. Nxd4 Nf6 5. Nc3 Nc6 6. Ndb5 Bb4 7. a3 Bxc3+ 8. Nxc3 d5 9. exd5 exd5 10. Bd3 O-O 11. O-O d4 12. Ne4 Bf5 13. Bg5 Bxe4 14. Bxe4 h6 15. Bh4 g5 16. Bxc6 bxc6 17. Bg3 Qd5 18. Re1 Rfe8 19. Qd3 Rad8 20. h4 Kg7 21. Rad1 c5 22. b3 Re6 23. Rxe6 Qxe6 24. Qb5 Qf5 25. Qd3 Qe6 26. f3 Re8 27. hxg5 hxg5 28. Re1 Qd5 29. Rxe8 Nxe8 30. Qe2 Nf6 31. Qe7 Nd7 32. Bd6 Qf5 33. Qe4 Qxe4 34. fxe4 Kf6 35. Kf2 Ke6 36. Bc7 f5 37. exf5+ Kxf5 38. Ke2 Ke4 39. a4 a6 40. a5 g4 41. Bd8 Ne5 1/2-1/2

[Event "RUS-ch Girls U21 2021"]
[Site "Loo"]
[Date "2021.04.27"]
[Round "7.9"]
[White "Emelyanova, Victoria"]
[Black "Zotova, Anastasia"]
[Result "0-1"]
[ECO "D87"]
[WhiteElo "1765"]
[BlackElo "2160"]
[Annotator "NA"]
[PlyCount "94"]
[EventDate "2021.04.21"]
[EventType "swiss"]
[EventCountry "RUS"]
[SourceTitle "playchess.com"]
[Source "ChessBase"]
[SourceQuality "1"]
[TimeControl "40/5400+30:1800+30"]

1. d4 Nf6 2. c4 g6 3. Nc3 d5 4. cxd5 Nxd5 5. e4 Nxc3 6. bxc3 Bg7 7. Bc4 O-O 8. Ne2 c5 9. O-O Qc7 10. Bd3 Rd8 11. Be3 Nc6 12. Rc1 Qa5 13. Bc4 Ne5 14. Bd5 Ng4 15. Bd2 Nf6 16. c4 Qa6 17. dxc5 e6 18. e5 exd5 19. exf6 Bxf6 20. Nc3 dxc4 21. Ne4 Be5 22. Qf3 Be6 23. Bg5 Rd3 24. Qe2 Bd5 25. Rfe1 Qc6 26. Bh6 Re8 27. Ng3 Re6 28. Qg4 Bb2 29. Rcd1 Qxc5 30. Rxe6 Bxe6 31. Qe2 Rxd1+ 32. Qxd1 Bg7 33. Ne4 Qd4 34. Qxd4 Bxd4 35. Kf1 c3 36. Ke2 Bc4+ 37. Kd1 Bd5 38. Nd6 a6 39. Kc2 Bxg2 40. f4 f5 41. Kd3 Bf1+ 42. Kc2 b5 43. Bg5 Kf8 44. Bd8 Bg2 45. Ba5 Bc5 46. Nc8 b4 47. a3 Be4+ 0-1

[Event "RUS-ch Girls U21 2021"]
[Site "Loo"]
[Date "2021.04.27"]
[Round "7.10"]
[White "Gelman, Inna"]
[Black "Bogdanova, Darya"]
[Result "1/2-1/2"]
[ECO "D05"]
[WhiteElo "1801"]
[BlackElo "1762"]
[Annotator "NA"]
[PlyCount "90"]
[EventDate "2021.04.21"]
[EventType "swiss"]
[EventCountry "RUS"]
[SourceTitle "playchess.com"]
[Source "ChessBase"]
[SourceQuality "1"]
[TimeControl "40/5400+30:1800+30"]

1. d4 d5 2. Nf3 Nf6 3. e3 e6 4. Bd3 c5 5. b3 Bd6 6. dxc5 Bxc5 7. Bb2 Nc6 8. a3 O-O 9. O-O Re8 10. b4 Bd6 11. c4 dxc4 12. Bxc4 Qc7 13. Nc3 a6 14. Rc1 Ne5 15. Nxe5 Bxe5 16. f4 Bd6 17. Qe2 Qe7 18. e4 Bb8 19. e5 Nd7 20. Bd3 Ba7+ 21. Kh1 b5 22. Ne4 Rd8 23. Nd6 Nb6 24. Bd4 Nd5 25. Bc5 Bxc5 26. Rxc5 Bb7 27. Be4 Rab8 28. g3 Ba8 29. Rfc1 g6 30. h4 Kg7 31. Kh2 Rd7 32. R1c2 h6 33. Qd2 Nb6 34. Bxa8 Rxa8 35. Qc1 Nd5 36. Rc8 Rxc8 37. Rxc8 Rd8 38. Rc6 Qa7 39. Qc5 Qa8 40. Kg1 Rb8 41. Ne4 a5 42. Nf6 Rd8 43. Qxb5 axb4 44. Ra6 Qc8 45. Rc6 Qa8 1/2-1/2

[Event "RUS-ch Girls U21 2021"]
[Site "Loo"]
[Date "2021.04.28"]
[Round "8.1"]
[White "Afonasieva, Anna"]
[Black "Grigorieva, Yulia"]
[Result "1-0"]
[ECO "A49"]
[WhiteElo "2270"]
[BlackElo "2236"]
[Annotator "RC"]
[PlyCount "77"]
[EventDate "2021.04.21"]
[EventType "swiss"]
[EventCountry "RUS"]
[SourceTitle "playchess.com"]
[Source "ChessBase"]
[SourceQuality "1"]
[TimeControl "40/5400+30:1800+30"]

1. d4 Nf6 2. Nf3 g6 3. g3 Bg7 4. Bg2 O-O 5. O-O d6 6. c4 Nbd7 7. Qc2 e5 8. Rd1 Re8 9. Nc3 c6 10. e4 exd4 11. Nxd4 Ne5 12. c5 dxc5 13. Nxc6 Qc7 14. Nxe5 Qxe5 15. Bf4 Qh5 16. Nd5 g5 17. Nxf6+ Bxf6 18. Be3 Bg4 19. Rd5 Qg6 20. Rxc5 b6 21. Rc6 Bd7 22. Rc7 Be6 23. Rd1 Be5 24. Rc6 Qf6 25. Bh3 h5 26. Bxe6 fxe6 27. Rd7 Rad8 28. Qd1 g4 29. Rxe6 Rxe6 30. Rxd8+ Kg7 31. Qd5 h4 32. Rd7+ Kg6 33. gxh4 Re7 34. Qg8+ Kh5 35. Rxe7 Qxe7 36. Bg5 Qd7 37. Qd5 Qc7 38. Bf4 Qc2 39. Qf7+ 1-0

[Event "RUS-ch Girls U21 2021"]
[Site "Loo"]
[Date "2021.04.28"]
[Round "8.3"]
[White "Stroganova, Karina"]
[Black "Nosacheva, Mariya"]
[Result "0-1"]
[ECO "A01"]
[WhiteElo "1731"]
[BlackElo "2199"]
[Annotator "RC"]
[PlyCount "60"]
[EventDate "2021.04.21"]
[EventType "swiss"]
[EventCountry "RUS"]
[SourceTitle "playchess.com"]
[Source "ChessBase"]
[SourceQuality "1"]
[TimeControl "40/5400+30:1800+30"]

1. b3 e5 2. Bb2 Nc6 3. e3 d6 4. c4 f5 5. f4 Nf6 6. Ne2 Nb4 7. d3 Ng4 8. Qd2 Nxe3 9. Na3 Nxf1 10. Rxf1 Nc6 11. O-O-O Be7 12. d4 exd4 13. Nxd4 O-O 14. Nab5 Nxd4 15. Nxd4 a5 16. Rf3 Bf6 17. Re1 a4 18. Ne6 Bxe6 19. Rxe6 axb3 20. axb3 Bxb2+ 21. Kxb2 Kh8 22. Qd5 c6 23. Qd2 d5 24. cxd5 cxd5 25. Rd3 Qc8 26. Qe3 Qd8 27. Qd2 Ra5 28. Re5 Qa8 29. Qc3 Ra1 30. Qb4 Rc8 0-1